 Dungeon Crawl Stone Soup version 0.27.1-3-gb3d3a73c9e (webtiles) character file.

Game seed: 17470620665596311009

6 wingedge the Charlatan (level 1, 0/15 HPs)
             Began as a Barachi Artificer on Oct 7, 2021.
             Slain by a jackal (2 damage)
             ... on level 1 of the Dungeon on Oct 12, 2021.
             The game lasted 00:01:37 (182 turns).

wingedge the Charlatan (Barachi Artificer)           Turns: 182, Time: 00:01:38

Health: 0/15       AC:  3    Str: 13    XL:     1   Next: 90%
Magic:  1/1        EV:  6    Int: 11    God:
Gold:   0          SH: 10    Dex: 12    Spells: 0/0 levels left

rFire    . . .     SeeInvis .   a - +0 club
rCold    . . .     Faith    .   g - +0 tower shield
rNeg     . . .     Spirit   .   b - +0 leather armour
rPois    .         Reflect  .   (no helmet)
rElec    .         Harm     .   (no cloak)
rCorr    .         Rampage  .   (no gloves)
Will     .....                  (no boots)
Stlth    +.........             (no amulet)
HPRegen  0.05/turn              (no ring)
MPRegen  0.07/turn              (no ring)

@: slow
A: amphibious, slowness 1, strong legs 1, +LOS
a: Hop


You were on level 1 of the Dungeon.
You visited 1 branch of the dungeon, and saw 1 of its levels.

Inventory:

Hand Weapons
 a - a +0 club (weapon)
Armour
 b - a +0 leather armour (worn)
 g - a +0 tower shield (worn)
Wands
 c - a wand of flame (13) (quivered)
 d - a wand of charming (15)
Scrolls
 f - a scroll of blinking {unknown}
 h - 2 scrolls of teleportation {unknown}
Miscellaneous
 e - a piece from Xom's chessboard (15/15)


   Skills:
 + Level 1.2 Fighting
 + Level 2.8 Armour
 + Level 1.1 Dodging
 + Level 0.8 Stealth
 + Level 3.5 Evocations


You couldn't memorise any spells.
You didn't know any spells.
Your spell library was empty.

Dungeon Overview and Level Annotations

Branches:
Dungeon (1/15)

Altars:


Innate Abilities, Weirdness & Mutations

You are amphibious.
You cover ground slowly.
You can hop short distances.
You have an extended range of vision and can be seen from far away.


Message History

The jackal bites you. You block the jackal's attack.
The jackal barely misses you. You block the jackal's attack.
The jackal bites you but does no damage.
You hit the jackal but do no damage.
The jackal is moderately wounded.
You block the jackal's attack. The jackal closely misses you.
The jackal barely misses you. You block the jackal's attack.
The jackal bites you but does no damage. x2
You barely miss the jackal.
The jackal is moderately wounded.
You block the jackal's attack. x2; The jackal bites you.
The jackal closely misses you.
You miss the jackal.
The jackal is moderately wounded.
You block the jackal's attack. The jackal bites you.
You block the jackal's attack. x2; The jackal closely misses you.
The jackal bites you but does no damage.
You hit the jackal.
The jackal is severely wounded.
The jackal completely misses you. The jackal bites you.
* * * LOW HITPOINT WARNING * * *
The jackal bites you.
* * * LOW HITPOINT WARNING * * *
You block the jackal's attack.
You aren't carrying any potions.
Aiming: Throw Flame
Press: ? - help, Shift-Dir - straight line, f - jackal
Aim: a jackal (64% to hit)
The puff of flame hits the jackal!
You kill the jackal!
The jackal bites you but does no damage.
You block the jackal's attack.
Aiming: Throw Flame
Press: ? - help, Shift-Dir - straight line, f - jackal, p - jackal
Aim: a jackal (64% to hit)
The puff of flame hits the jackal.
The jackal is heavily wounded.
You block the jackal's attack. The jackal barely misses you.
The jackal bites you.
You die...

####...# #....≈≈. #......#
#...≈≈.. #......# #..≈≈...
#......# #..≈..8. #......#
#..≈.... ...###......#
######..≈≈...
..........h.###........≈≈..
##.#....##h###..#.###...≈≈.
####. #@h##.##.# ##...≈≈ #.
##....##.# ##.... ..
####....## ##... #.
###+##..## ##... #.
.....#...###.... ##
#..........##....
#.......##..#....
.###(...###....## .
#.#######...#


You could see 3 jackals.

Vanquished Creatures
  A ball python (D:1)
  2 goblins (D:1)
  A jackal (D:1)
  A frilled lizard (D:1)
5 creatures vanquished.

Notes
Turn   | Place    | Note
-------+----------+-------------------------------------------
     0 | D:1      | wingedge the Barachi Artificer began the quest for the Orb.
     0 | D:1      | Reached XP level 1. HP: 15/15 MP: 1/1
   182 | D:1      | Slain by a jackal

Illustrated notes

Levels and vault maps discovered:
D:1:      moated_graveyard_arrival, layout_basic

Action                   || total
-------------------------++-------
Melee: Club              ||    21
Evoke: Wand              ||     2
Armor: Leather armour    ||    17
Dodge: Dodged            ||    19
Block: Tower shield      ||    30
